 Seeded DCSS version 0.29-a0-88-g03a7b78be7 (webtiles) character file.

Game seed: 20220206 (custom seed)

28 knot the Skirmisher (level 3, 19/29 HPs)
             Began as a Demonspawn Berserker on Feb 6, 2022.
             Was a Follower of Trog.
             Quit the game on level 1 of the Dungeon.
             The game lasted 00:00:47 (793 turns).

knot the Skirmisher (Demonspawn Berserker)           Turns: 793, Time: 00:00:47

Health: 19/29      AC:  2    Str: 17    XL:     3   Next: 0%
Magic:  3/3        EV: 12    Int: 10    God:    Trog [*.....]
Gold:   16         SH:  0    Dex: 12    Spells: 2/2 levels left

rFire   . . .      SeeInvis .   a - +0 hand axe
rCold   . . .      Faith    .   (no shield)
rNeg    . . .      Spirit   .   b - +0 animal skin
rPois   .          Reflect  .   (helmet restricted)
rElec   .          Harm     .   (no cloak)
rCorr   .          Rampage  .   (no gloves)
Will    .....                   (no boots)
Stlth   +.........              (no amulet)
HPRegen 0.09/turn               (no ring)
MPRegen 0.08/turn               (no ring)

@: no status effects
A: horns 1, demonic guardian 1
a: Renounce Religion, Berserk


You were on level 1 of the Dungeon.
You worshipped Trog.
Trog was aware of your devotion.
You visited 1 branch of the dungeon, and saw 1 of its levels.

You collected 16 gold pieces.

Inventory:

Hand Weapons
 a - a +0 hand axe (weapon)
Missiles
 c - 55 stones (quivered)
 d - 2 poisoned darts
 e - 38 sling bullets
Armour
 b - a +0 animal skin (worn)
Scrolls
 g - a scroll of enchant weapon {unknown}
 h - a scroll of brand weapon {unknown}
Potions
 f - a potion of invisibility {unknown}
 i - 2 potions of heal wounds {unknown}


   Skills:
 + Level 3.3 Fighting
 + Level 3.0 Axes
 + Level 2.1 Armour
 + Level 2.2 Dodging


You had 2 spell levels left.
You didn't know any spells.
Your spell library was empty.

Dungeon Overview and Level Annotations

Branches:
Dungeon (1/15)

Altars:

Shops:
D:1 [


Innate Abilities, Weirdness & Mutations

You have a pair of small horns on your head.
A weak demonic guardian rushes to your aid.


Message History

a +0 flail; a gnoll corpse A rat comes into view.
Found a scroll labelled BEOHIUDGHOLL.
Found a bubbling green potion.
The rat misses you.
You hit the rat but do no damage. The rat closely misses you.
You closely miss the rat. The rat closely misses you.
You hit the rat.
You kill the rat!
Trog accepts your kill.
No target in view!
No target in view!
No target in view!
No target in view!
h - a scroll labelled BEOHIUDGHOLL
i - a bubbling green potion You open the door.
There is an open door here.
i - 2 bubbling green potions (gained 1)
There is an open door here.
Key pressed, stopping explore.
No target in view!
No target in view!
A goblin is nearby!
The goblin hits you with a +0 club.
You hit the goblin.
The goblin is moderately wounded.
The goblin hits you with a +0 club.
You hit the goblin.
The goblin is severely wounded.
The goblin hits you with a +0 club.
You hit the goblin.
You kill the goblin!
Trog accepts your kill.
You have reached level 3!
Your experience leads to an increase in your attributes!
Increase (S)trength, (I)ntelligence, or (D)exterity?
You feel clever. x2; Your demonic ancestry asserts itself...
You feel the presence of a demonic guardian.
Are you sure you want to abandon this character and quit the game? (Confirm with "yes".)

...#...####...>......#....##...#
...#...#.....#.)...........#...#
#.######).....>......... >....
#'######..#...###...... ......
#.....##............... ..####.
#.....##.....#...###...
#.##<.##...............
#.....##.....##.#####..
#.....##.....##.@)..#
########.....######.#
########.....# .............#
............## .....#.....##
############


There were no monsters in sight!

Vanquished Creatures
  A gnoll (D:1)
  A giant cockroach (D:1)
  5 goblins (D:1)
  A hobgoblin (D:1)
  6 kobolds (D:1)
  A ball python (D:1)
  A frilled lizard (D:1)
  4 rats (D:1)
20 creatures vanquished.

Notes
Turn   | Place    | Note
-------+----------+-------------------------------------------
     0 | D:1      | knot the Demonspawn Berserker began the quest for the Orb.
     0 | D:1      | Reached XP level 1. HP: 18/18 MP: 1/1
   324 | D:1      | Found Zeaproq's Armour Shop.
   342 | D:1      | Gained mutation: You have a pair of small horns on your
                  | head. [demonic ancestry]
   342 | D:1      | Reached XP level 2. HP: 16/24 MP: 2/2
   793 | D:1      | Gained mutation: A weak demonic guardian rushes to your
                  | aid. [demonic ancestry]
   793 | D:1      | Reached XP level 3. HP: 19/29 MP: 3/3
   793 | D:1      | Quit the game

Illustrated notes

Levels and vault maps discovered:
D:1:      dpeg_arrival_rooms_b, layout_rooms, serial_shops, shop

Skill      XL: |  1  2 |
---------------+-------+-----
Armour         | 2 |  2.1
Dodging        | 2 |  2.2
Axes           | 3 |  3.0
Fighting       | |  3.3

Action                   || total
-------------------------++-------
Melee: Hand axe          ||    43
       Headbutt          ||     1
Invok: Berserk           ||     2
Armor: Animal skin       ||    10
Dodge: Dodged            ||    31

Table legend: (Time is in decaauts)
 A = Elapsed time spent in this place.
 B = Non-inter-level travel time spent in this place.
 C = Inter-level travel time spent in this place.
 D = Time resting spent in this place.
 E = Time spent auto-exploring this place.
 F = Levels seen in this place.
 G = Mean time per level.
                   A        B        C        D        E       F      G
               +--------+--------+--------+--------+--------+-----+--------+
         Total |    822 |    822 |      0 |    388 |    322 |   1 |  822.0 |
       Dungeon |    822 |    822 |      0 |    388 |    322 |   1 |  822.0 |
               +--------+--------+--------+--------+--------+-----+--------+

Top non-repeatable levels by time:
     D:1: 822 daAuts
